 Dungeon Crawl Stone Soup version 0.27-a0-1105-g946c659c87 (webtiles) character file.

Game seed: 17864771763682978437

872 harryhousin the Magician (level 8, -1/57 HPs)
             Began as a Gnoll Wanderer on Apr 25, 2021.
             Was an Initiate of Gozag.
             Slain by a sky beast (5 damage)
             ... on level 5 of the Dungeon on Apr 30, 2021.
             The game lasted 00:44:49 (7427 turns).

harryhousin the Magician (Gnoll Wanderer)           Turns: 7427, Time: 00:44:49

Health: -1/57      AC:  4    Str: 17    XL:     8   Next: 4%
Magic:  12/19      EV: 12    Int: 13    God:    Gozag
Gold:   286        SH:  0    Dex: 13    Spells: 18/22 levels left

rFire    . . .     SeeInvis +   r - +5 flail (protect)
rCold    . . .     Faith    .   (no shield)
rNeg     . . .     Spirit   .   d - +0 robe
rPois    .         Reflect  .   (no helmet)
rElec    .         Harm     .   (no cloak)
rCorr    .         Rampage  .   g - +0 pair of gloves
Will     .....                  u - +0 pair of boots
Stlth    ++........             (no amulet)
HPRegen  0.19/turn              h - +6 ring of strength
MPRegen  0.16/turn              q - ring of see invisible

@: no status effects
A: fangs 1, strong nose, distributed training
a: Renounce Religion, Potion Petition, Call Merchant, Bribe Branch


You were on level 5 of the Dungeon.
You worshipped Gozag.
Gozag was aware of your devotion.
You visited 2 branches of the dungeon, and saw 7 of its levels.

You collected 319 gold pieces.
You paid 33 gold pieces to Gozag.

Inventory:

Hand Weapons
 a - a +1 dagger
 i - a +0 fustibalus
 k - a +2 mace of protection
 m - a +0 morningstar
 r - a +5 flail of protection (weapon)
Missiles
 b - a throwing net
 p - 20 sling bullets
 C - 59 stones
Armour
 d - a +0 robe (worn)
 g - a +0 pair of gloves (worn)
 u - a +0 pair of boots (worn)
 A - a +0 buckler
Jewellery
 h - a +6 ring of strength (left hand)
 q - a ring of see invisible (right hand)
Wands
 e - a wand of paralysis (15)
 x - a wand of mindburst (9)
Scrolls
 c - a scroll of enchant armour {unknown}
 l - a scroll of blinking {unknown}
 n - a scroll of noise {unknown}
 o - a scroll of magic mapping {unknown}
 y - a scroll of enchant weapon
 B - a scroll of immolation {unknown}
Potions
 f - 2 potions of degeneration
 j - 2 potions of ambrosia {unknown}
 s - 2 potions of lignification
 t - 2 potions of flight
 v - a potion of haste
 w - 2 potions of might {unknown}
 z - a potion of berserk rage {unknown}
 D - 2 potions of mutation {unknown}


   Skills:
 + Level 2.9 Fighting
 + Level 2.9 Short Blades
 + Level 2.9 Long Blades
 + Level 2.9 Axes
 + Level 2.9 Maces & Flails
 + Level 2.9 Polearms
 + Level 2.9 Staves
 + Level 2.9 Slings
 + Level 2.9 Bows
 + Level 2.9 Crossbows
 + Level 2.9 Throwing
 + Level 2.9 Armour
 + Level 2.9 Dodging
 + Level 2.9 Stealth
 + Level 3.9 Shields
 + Level 2.9 Unarmed Combat
 + Level 7.7 Spellcasting
 + Level 2.3 Conjurations
 + Level 2.3 Hexes
 + Level 4.5 Summonings
 + Level 2.3 Necromancy
 + Level 2.3 Translocations
 + Level 6.0 Transmutations
 + Level 2.3 Fire Magic
 + Level 2.3 Ice Magic
 + Level 2.3 Air Magic
 + Level 2.3 Earth Magic
 + Level 2.3 Poison Magic
 + Level 3.2 Invocations
 + Level 3.9 Evocations


You had 18 spell levels left.
You knew the following spells:

 Your Spells              Type           Power      Damage    Failure   Level
a - Sandblast             Erth           22%        2d7       5%          1
b - Call Imp              Summ           16%        N/A       3%          2
c - Magic Dart            Conj           44%        1d5       5%          1

Your spell library contained the following spells:

 Spells                   Type           Power      Damage    Failure   Level
 Passwall                 Tmut/Erth      12%        N/A       3%          2
 Blink                    Tloc           N/A        N/A       9%          2
 Slow                     Hex            11%        N/A       9%          2
 Confusing Touch          Hex            11%        N/A       16%         3
 Conjure Flame            Conj/Fire      11%        6-21      16%         3
 Gell's Gravitas          Tloc           5%         N/A       16%         3
 Mephitic Cloud           Conj/Pois/Air  11%        N/A       16%         3
 Stone Arrow              Conj/Erth      22%        3d8       16%         3
 Petrify                  Tmut/Erth      15%        N/A       26%         4
 Yara's Violent Unravell  Hex/Tmut       7%         3d5       56%         5
 Lee's Rapid Deconstruct  Erth           5%         3d7*      83%         5
 Metabolic Englaciation   Hex/Ice        5%         N/A       83%         5


Dungeon Overview and Level Annotations

Branches:
Dungeon (6/15)             Temple (1/1) D:4

Altars:
Ashenzari
Cheibriados
Dithmenos
Elyvilon
Fedhas
Gozag
Hepliaklqana
Kikubaaqudgha
Makhleb
Nemelex Xobeh
Qazlal
Ru
Trog
Uskayaw
Wu Jian
Xom
Yredelemnul
Zin
The Shining One

Annotations:
D:2 1 runed translucent door, Crazy Yiuf


Innate Abilities, Weirdness & Mutations

You have very sharp teeth.
Your uncanny sense of smell can sniff out nearby items.
Your experience applies equally to all skills.


Message History

Casting: Call Imp (safe; 3% risk of failure)
Confirm with . or Enter, or press ? or * to list all spells.
A beastly little devil appears in a puff of flame.
The sky beast barely misses you. The bullfrog barely misses you.
Casting: Call Imp (safe; 3% risk of failure)
Confirm with . or Enter, or press ? or * to list all spells.
A beastly little devil appears in a puff of flame.
The bullfrog hits you!
The sky beast hits you but does no damage.
Your crimson imp hits the bullfrog.
The bullfrog hits you.
Casting: Call Imp (safe; 3% risk of failure)
Confirm with . or Enter, or press ? or * to list all spells.
A beastly little devil appears in a puff of flame.
The sky beast hits you. The sky beast shocks you.
* * * LOW HITPOINT WARNING * * *
The bullfrog barely misses you.
Your crimson imp hits the sky beast.
Your crimson imp barely misses the bullfrog.
The sky beast hits you.
* * * LOW HITPOINT WARNING * * *
The sky beast shocks you.
* * * LOW HITPOINT WARNING * * *
Your crimson imp misses the bullfrog.
Your crimson imp hits the sky beast but does no damage.
Your crimson imp barely misses the bullfrog.
The bullfrog misses your crimson imp.
The bullfrog closely misses your crimson imp.
Your crimson imp closely misses the bullfrog.
The sky beast closely misses you.
Your crimson imp hits the bullfrog.
Your crimson imp hits the sky beast but does no damage.
Casting: Call Imp (safe; 3% risk of failure)
Confirm with . or Enter, or press ? or * to list all spells.
A beastly little devil appears in a puff of flame.
The bullfrog misses your crimson imp.
Your crimson imp blinks!
Your crimson imp closely misses the bullfrog.
The sky beast hits you.
* * * LOW HITPOINT WARNING * * *
The sky beast shocks you.
You die...
Your body crumbles into a pile of gold.

#...........#.....###'##..
######...........#.....#.<.#...
#................#.....#...#...
#...##...##......#.....#...#...
#...##...##......#.....#...#...
#........5.......#.....#...#...
#................#.....#...#...
#...........5....#.....#...#...
#...#######)..@Y5#.....#...#...
######...##...5.)#.....#...#...
#.........#...§F>#.....#..[#...
#.........#......#.....#...#...
#.........#......#.....#...'...
#...##....#......#.....#...#...
######....#......#.....#...#...
#...##...##......#.....#...#...
#...##...##......#.....#...#...


You could see a sky beast (ally target), a bullfrog (ally target) and 4 friendly
crimson imps.

Vanquished Creatures
  Sigmund (D:5)
  An ice beast (D:5)
  A black bear (D:5)
  A sky beast (D:5)
  An ogre (D:5)
  A phantom (D:5)
  A water moccasin skeleton (D:6)
  A hound (D:5)
  An iguana (D:6)
  A howler monkey zombie (D:5)
  A dart slug (D:1)
  4 orcs
  8 endoplasms
  3 giant cockroaches
  6 hobgoblins
  A jackal (D:3)
  A quokka (D:4)
  3 ball pythons (D:1)
  4 bats
  3 frilled lizards (D:1)
  4 kobolds
  4 rats
52 creatures vanquished.

Vanquished Creatures (collateral kills)
  Edmund (D:4)
  An ogre (D:4)
  A scorpion (D:4)
  A howler monkey (D:4)
  An orc priest (D:5)
  A hound (D:5)
  An iguana (D:5)
  An orc wizard (D:5)
  3 hound skeletons
  3 gnolls (D:2)
  4 adders
  A dart slug (D:2)
  2 orcs
  A bat (D:2)
  3 giant cockroaches (D:3)
  4 hobgoblins
  A jackal (D:3)
  A quokka (D:2)
  A ball python (D:4)
  A frilled lizard (D:2)
  3 goblins
  4 kobolds
40 creatures vanquished.

Vanquished Creatures (others)
  2 plants (D:1)
2 creatures vanquished.

Grand Total: 94 creatures vanquished

Notes
Turn   | Place    | Note
-------+----------+-------------------------------------------
     0 | D:1      | harryhousin the Gnoll Wanderer began the quest for the Orb.
     0 | D:1      | harryhousin set off with the following items: a +0 dagger,
                  | a potion of curing, a +0 robe, a wand of paralysis (15);
                  | and the following spell memorised: Sandblast; and the
                  | following spells available to memorise: Stone Arrow
     0 | D:1      | Reached XP level 1. HP: 13/13 MP: 8/8
   447 | D:1      | Reached XP level 2. HP: 4/19 MP: 10/10
  1121 | D:1      | Found a faded altar of an unknown god.
  1950 | D:2      | Reached XP level 3. HP: 25/25 MP: 11/11
  1953 | D:2      | Learned a level 2 spell: Call Imp
  2081 | D:2      | Reached skill level 1 in Invocations
  2973 | D:2      | Upgraded the game from 0.27-a0-1081-ge8a0a9c698 to
                  | 0.27-a0-1105-g946c659c87
  3049 | D:2      | Found a runed translucent door.
  3050 | D:2      | Noticed Crazy Yiuf
  3136 | D:2      | Reached skill level 1 in Fighting
  3136 | D:2      | Reached skill level 1 in Short Blades
  3136 | D:2      | Reached skill level 1 in Long Blades
  3136 | D:2      | Reached skill level 1 in Axes
  3136 | D:2      | Reached skill level 1 in Maces & Flails
  3136 | D:2      | Reached skill level 1 in Polearms
  3136 | D:2      | Reached skill level 1 in Staves
  3136 | D:2      | Reached skill level 1 in Slings
  3136 | D:2      | Reached skill level 1 in Bows
  3136 | D:2      | Reached skill level 1 in Crossbows
  3136 | D:2      | Reached skill level 1 in Throwing
  3136 | D:2      | Reached skill level 1 in Armour
  3136 | D:2      | Reached skill level 1 in Dodging
  3136 | D:2      | Reached skill level 1 in Stealth
  3136 | D:2      | Reached skill level 1 in Unarmed Combat
  3323 | D:2      | Reached XP level 4. HP: 22/32 MP: 9/13
  4461 | D:4      | Learned a level 1 spell: Magic Dart
  4483 | D:4      | Noticed Edmund
  4487 | D:4      | Noticed a scorpion
  4493 | D:4      | Killed Edmund
  4494 | D:4      | Reached skill level 1 in Conjurations
  4494 | D:4      | Reached skill level 1 in Hexes
  4494 | D:4      | Reached skill level 1 in Necromancy
  4494 | D:4      | Reached skill level 1 in Translocations
  4494 | D:4      | Reached skill level 1 in Fire Magic
  4494 | D:4      | Reached skill level 1 in Ice Magic
  4494 | D:4      | Reached skill level 1 in Air Magic
  4494 | D:4      | Reached skill level 1 in Earth Magic
  4494 | D:4      | Reached skill level 1 in Poison Magic
  4494 | D:4      | Reached XP level 5. HP: 33/37 MP: 6/14
  4512 | D:4      | Found a staircase to the Ecumenical Temple.
  4634 | Temple   | Entered the Ecumenical Temple
  4720 | Temple   | Became a worshipper of Gozag Ym Sagoz the Greedy
  4815 | D:4      | Reached XP level 6. HP: 38/44 MP: 12/16
  4859 | D:4      | Found a sacrificial altar of Ru.
  4924 | D:4      | Found a blossoming altar of Fedhas.
  5201 | D:4      | Found a snail-covered altar of Cheibriados.
  5288 | D:5      | Entered Level 5 of the Dungeon
  5484 | D:5      | Noticed Sigmund
  5520 | D:5      | Killed Sigmund
  5881 | D:5      | Reached XP level 7. HP: 50/50 MP: 7/18
  7218 | D:5      | Reached XP level 8. HP: 19/57 MP: 14/19
  7427 | D:5      | Slain by a sky beast

Illustrated notes

Levels and vault maps discovered:
D:1:      heliophobic_arrival_enchanted_forest, layout_basic,
          ebering_ecumenical_altar_rust, minmay_misc_feat_x,
          serial_bayou_ford_a, minivault_25
D:2:      layout_basic, minmay_splitting_lines, uniq_crazy_yiuf_cottage
D:3:      minmay_general_purpose_star, layout_basic, grunt_decor_fettered
D:4:      layout_cave_pools, kennysheep_mini_moat, lemuel_crystal_altar,
          marbit_many_paths, uniq_edmund
D:5:      layout_gridville, grunt_ministairs_7, moated_statue, uniq_sigmund
D:6:      layout_rooms, st_stairs_10, chequers_serial_rivers_micro_d
Temple:   compressed_dpeg_circular_temple

Skill      XL: |  1  2  3  4  5  6  7 |
---------------+----------------------+-----
Invocations    | 1 2 3 |  3.2
Fighting       | 1 2 |  2.9
Short Blades   | 1 2 |  2.9
Long Blades    | 1 2 |  2.9
Axes           | 1 2 |  2.9
Maces & Flails | 1 2 |  2.9
Polearms       | 1 2 |  2.9
Staves         | 1 2 |  2.9
Slings         | 1 2 |  2.9
Bows           | 1 2 |  2.9
Crossbows      | 1 2 |  2.9
Throwing       | 1 2 |  2.9
Armour         | 1 2 |  2.9
Dodging        | 1 2 |  2.9
Stealth        | 1 2 |  2.9
Unarmed Combat | 1 2 |  2.9
Conjurations   | 1 2 |  2.3
Hexes          | 1 2 |  2.3
Necromancy     | 1 2 |  2.3
Translocations | 1 2 |  2.3
Fire Magic     | 1 2 |  2.3
Ice Magic      | 1 2 |  2.3
Air Magic      | 1 2 |  2.3
Earth Magic    | 1 2 |  2.3
Poison Magic   | 1 2 |  2.3
Shields        | 3 |  3.9
Summonings     | 4 |  4.5
Evocations     | 3 |  3.9
Transmutations | 6 |  6.0
Spellcasting   | |  7.7

Action                   |  1- 3 |  4- 6 |  7- 9 || total
-------------------------+-------+-------+-------++-------
Melee: Dagger            |   109 |       |       ||   109
       Bite              |    13 |     4 |     4 ||    21
       Mace              |     6 |    33 |       ||    39
       Flail             |       |    14 |    34 ||    48
       Punch             |       |     1 |     1 ||     2
 Cast: Call Imp          |    27 |    47 |    32 ||   106
       Magic Dart        |       |    17 |    12 ||    29
  Use: Scroll            |     4 |     4 |       ||     8
       Potion            |     1 |       |       ||     1
 Stab: Sleeping          |     1 |     1 |       ||     2
       Distracted        |       |       |     3 ||     3
Armor: Robe              |    24 |    17 |    27 ||    68
Dodge: Dodged            |    62 |    36 |    47 ||   145

Table legend: (Time is in decaauts)
 A = Elapsed time spent in this place.
 B = Non-inter-level travel time spent in this place.
 C = Inter-level travel time spent in this place.
 D = Time resting spent in this place.
 E = Time spent auto-exploring this place.
 F = Levels seen in this place.
 G = Mean time per level.
                   A        B        C        D        E       F      G
               +--------+--------+--------+--------+--------+-----+--------+
         Total |   7467 |   7172 |    295 |   2507 |   1788 |   7 | 1066.7 |
       Dungeon |   7351 |   7085 |    266 |   2507 |   1788 |   6 | 1225.2 |
        Temple |    116 |     87 |     29 |      0 |      0 |   1 |  116.0 |
               +--------+--------+--------+--------+--------+-----+--------+

Top non-repeatable levels by time:
     D:5: 2106 daAuts
     D:1: 1958 daAuts
     D:2: 1535 daAuts
     D:3: 959 daAuts
     D:4: 743 daAuts
  Temple: 116 daAuts
     D:6: 47 daAuts
